AoeStats
← KDPC

MegaRandom

503178746Analyzed
1v1 RM · 1mo ago on Aug 30, 2026· 19m 37s· 2 players
Game mode
Random Map
Map size
Tiny (2 player)
Population
200
Speed
Normal
Resources
Standard
Victory
Conquest
Starting age
Dark Age
Ending age
Imperial Age
RankedLock teamsTeams togetherTeam positionsShared explorationLock speedFull tech treeHidden civsTurbo modeCheats
Victory
Defeat
🇩🇪 Vietnamese · Germany
388
+9
🇺🇾 Spanish · Uruguay
238
-9
Hann3s
0:37 Loom
11:48 Feudal Age
12:40 Town Watch
13:53 Arson
14:47 Fletching
16:23 Padded Archer Armor
16:24 Scale Mail Armor
19:13 Double-Bit Axe
19:21 Gold Mining
19:21 Stone Mining
19:16 Horse Collar
KDPC
1:06 Loom
15:18 Feudal Age
15:54 Double-Bit Axe
15:55 Horse Collar
18:27 Wheelbarrow
17:39 Town Watch
Connection lost

Rejoining the realm…

Still unreachable

The connection could not be restored.

Session expired

The server has moved on; the page needs a fresh start.